Map: Ascension to Aiur LE

Players

JMSP - Winner!

  • Race: Protoss Protoss
  • League: Platinum
  • Spawn Location: 11:00

Winthrowe

  • Race: Terran Terran
  • League: Silver
  • Spawn Location: 5:00

VOD

Have the link to the VOD?

Description

Time

  • Played on: Aug. 18, 2017, 5:38 p.m.
  • Length: 7:38
Show
View Real Time Build Order
Export as new Build Order

JMSP Protoss - Winner!

Build Orders: 1 Gate Expand 

Get SALT Encoding   

  12  0:01  Probe (Chrono Boost)  
  13  0:11  Probe (Chrono Boost)  
  14  0:20  Pylon  
  14  0:22  Probe (Chrono Boost)  
  15  0:38  Probe (Chrono Boost)  
  15  0:42  Gateway  
  16  0:45  Assimilator  
  16  0:49  Probe (Chrono Boost)  
  17  0:59  Probe (Chrono Boost)  
  18  1:10  Probe (Chrono Boost)  
  19  1:22  Nexus  
  19  1:26  Probe (Chrono Boost)  
  20  1:37  Cybernetics Core  
  20  1:41  Probe (Chrono Boost)  
  20  1:46  Assimilator  
  21  1:50  Pylon  
  21  1:54  Probe (Chrono Boost)  
  22  2:15  Probe (Chrono Boost)  
  22  2:18  Warp Gate (Chrono Boost)  
  22  2:19  Stalker  
  25  2:24  Gateway  
  25  2:28  Pylon  
  25  2:40  Probe  
  25  2:41  Probe  
  27  2:50  Robotics Facility  
  27  2:54  Probe  
  27  2:55  Probe  
  29  3:04  Probe  
  29  3:07  Stalker, Probe  
  33  3:15  Probe  
  33  3:17  Stalker  
  33  3:19  Probe  
  37  3:28  Twilight Council, Probe  
  38  3:34  Pylon  
  38  3:39  Stalker  
  40  3:47  Observer (Chrono Boost)  
  41  3:51  Stalker  
  43  3:57  Forge  
  43  4:00  Gateway  
  43  4:05  Blink (Chrono Boost)  
  43  4:20  Immortal  
  47  4:30  Probe  
  48  4:31  Pylon, Probe  
  48  4:37  Assimilator  
  49  4:40  Probe  
  49  4:43  Probe  
  49  4:44  Stalker  
  53  4:50  Protoss Ground Weapons Level 1 (Chrono Boost)  
  53  4:51  Probe  
  54  4:55  Probe  
  55  5:01  Probe  
  55  5:02  Stalker  
  55  5:06  Zealot  
  60  5:07  Probe  
  60  5:12  Probe  
  62  5:17  Immortal  
  62  5:19  Probe  
  67  5:22  Probe  
  68  5:31  Probe  
  68  5:33  Assimilator  
  69  5:36  Pylon, Probe  
  69  5:39  Pylon  
  70  5:52  Probe  
  70  5:54  Probe  
  70  5:55  Charge  
  70  5:56  Immortal, Gateway  
  76  6:03  Probe  
  76  6:06  Stalker x2, Probe  
  76  6:07  Stalker  
  84  6:29  Gateway  
  84  6:30  Gateway  
  84  6:35  Warp Prism  
  86  6:56  Nexus  
  86  6:58  Pylon  
  86  7:00  Pylon  
  86  7:03  Pylon  
  86  7:04  Forge  
  84  7:27  Stalker  
  84  7:28  Stalker x3  
Show
View Real Time Build Order
Export as new Build Order

Winthrowe Terran 

Build Orders:  

Get SALT Encoding   

  12  0:03  SCV  
  13  0:16  Supply Depot  
  13  0:19  SCV  
  14  0:27  Refinery  
  14  0:31  SCV  
  15  0:45  Barracks  
  15  0:48  SCV  
  16  1:00  SCV  
  17  1:13  SCV  
  17  1:16  Supply Depot  
  18  1:28  SCV  
  19  1:40  Orbital Command  
  19  1:52  Bunker  
  19  1:55  Barracks Reactor  
  19  2:38  Supply Depot  
  19  2:55  Marine x2  
  21  3:01  Supply Depot  
  21  3:09  Command Center  
  21  3:10  SCV  
  22  3:12  Marine  
  22  3:13  Marine  
  24  3:22  SCV  
  24  3:25  Supply Depot  
  25  3:34  SCV  
  26  3:41  Marine  
  26  3:42  Marine  
  26  3:46  SCV  
  26  3:47  Engineering Bay  
  29  3:58  SCV  
  29  3:59  Marine x2  
  32  4:11  SCV  
  33  4:17  Marine x2  
  33  4:20  Factory  
  33  4:23  SCV  
  36  4:34  Marine  
  36  4:35  Marine, SCV  
  36  4:38  Planetary Fortress, Barracks  
  39  4:47  SCV  
  40  4:59  SCV  
  41  5:01  Refinery  
  41  5:05  Refinery  
  41  5:11  SCV  
  41  5:12  Marine x2  
  44  5:23  SCV  
  44  5:28  Barracks Tech Lab  
  45  5:30  Marine x2  
  48  5:35  SCV  
  48  5:55  Starport  
  48  6:21  Marauder  
  50  6:27  Barracks Reactor  
  50  6:35  Factory Tech Lab  
  50  6:43  Marauder  
  52  7:00  Hellion  
  54  7:04  Starport Reactor, Marauder  
  56  7:20  Marine x2  
Tags
 
Add a new tag
Caveats
  • Supply blocks, unpowered buildings, or Contaminate may cause inaccurate times.
  • Supply counts are checked every 10 seconds.